AoeStats
← Malcolm Little

Arabia

507609410Analyzed
2v2 RM · 14d ago on Sep 19, 2026· 35m 26s· 4 players
Game mode
Random Map
Map size
Medium (4 player)
Population
200
Speed
Normal
Resources
Standard
Victory
Conquest
Starting age
Dark Age
Ending age
Imperial Age
RankedLock teamsTeams togetherTeam positionsShared explorationLock speedFull tech treeHidden civsTurbo modeCheats
Victory
Defeat
🇩🇴 Britons · Dominican Republic
1380
+14
1316
+16
🇦🇷 Magyars · Argentina
1337
-15
🇦🇷 Mongols · Argentina
1321
-15
samuel_ojeda
9:03 Feudal Age
9:33 Loom
10:33 Man-at-Arms
15:16 Fletching
17:15 Padded Archer Armor
19:36 Double-Bit Axe
21:15 Horse Collar
27:20 Castle Age
32:14 Bodkin Arrow
34:15 Leather Archer Armor
Alejandro Manco
6:47 Loom
9:15 Feudal Age
9:51 Double-Bit Axe
13:41 Bloodlines
16:39 Horse Collar
18:01 Scale Barding Armor
25:25 Castle Age
26:28 Chain Barding Armor
25:58 Fletching
26:57 Wheelbarrow
26:10 Elite Skirmisher
28:27 Hand Cart
28:42 Gold Mining
29:59 Husbandry
30:09 Town Watch
Malcolm Little
6:37 Loom
9:14 Feudal Age
9:48 Double-Bit Axe
16:53 Fletching
18:19 Padded Archer Armor
25:29 Castle Age
24:16 Forging
24:57 Horse Collar
25:11 Gold Mining
25:32 Crossbowman
26:13 Bodkin Arrow
27:36 Leather Archer Armor
27:46 Town Watch
29:25 Wheelbarrow
29:02 Pikeman
36:28 Imperial Age
35:28 Heavy Plow
[zWq]Ferdinand Von Lindemann
7:08 Loom
9:28 Feudal Age
10:06 Double-Bit Axe
10:02 Horse Collar
15:57 Wheelbarrow
17:23 Bloodlines
22:55 Castle Age
21:50 Gold Mining
22:57 Scale Barding Armor
24:04 Bow Saw
27:13 Chain Barding Armor
29:40 Forging
36:08 Hand Cart
36:05 Husbandry
Connection lost

Rejoining the realm…

Still unreachable

The connection could not be restored.

Session expired

The server has moved on; the page needs a fresh start.